| TOP OF THE 1ST |
|
Palm Beach Nationals batting - Pitching for Miami Beach Marlins : RHP Cliff Peters
|
|
Pitching: RHP Cliff Peters
|
|
|
Batting: RHB Victor Rojas
|
0-0: Ball 1-0: Ball 2-0: Swinging Strike 2-1: Ground out 4-3 (Groundball, 4M, EV 97.5 MPH)
|
|
Batting: RHB Charlie Iacovone
|
0-0: Called Strike 0-1: Foul Ball, location: 2F 0-2: Ball 1-2: Foul Ball, location: 2F 1-2: Strikes out swinging
|
|
Batting: RHB Rudolph Lentz
|
0-0: Fly out, F9 (Line Drive, 89S, EV 94.4 MPH)
|
| Top of the 1st over - 0 runs, 0 hits, 0 errors, 0 left on base; Palm Beach 0 - Miami Beach 0 |
| BOTTOM OF THE 1ST |
|
Miami Beach Marlins batting - Pitching for Palm Beach Nationals : LHP Danny Juarez
|
|
Pitching: LHP Danny Juarez
|
|
|
Batting: SHB Emmet Brickowski
|
0-0: Ball 1-0: Called Strike 1-1: Ball 2-1: Foul Ball, location: 2F 2-2: Fly out, F9 (Flyball, 9D, EV 95.0 MPH)
|
|
Batting: RHB Chris Harlow
|
0-0: Called Strike 0-1: SOLO HOME RUN (Flyball, 7D, EV 106.9 MPH), Distance : 387 ft
|
|
Batting: LHB Luis Ortegon
|
0-0: SINGLE (Line Drive, 4MD, EV 106.9 MPH)
|
|
Batting: RHB Scott Talbot
|
0-0: Foul Ball, location: 2F 0-1: Swinging Strike 0-2: Ball 1-2: Foul Ball, location: 2F 1-2: Ball 2-2: Foul Ball, location: 2F 2-2: Foul Ball, location: 2F 2-2: Ball 3-2: Ground out 5-3 (Groundball, 56, EV 85.6 MPH) Luis Ortegon to second
|
|
Batting: RHB Corbin Chauvin
|
0-0: Ball 1-0: Swinging Strike 1-1: Swinging Strike 1-2: Foul Ball, location: 2F 1-2: Strikes out swinging
|
| Bottom of the 1st over - 1 run, 2 hits, 0 errors, 1 left on base; Palm Beach 0 - Miami Beach 1 |
| TOP OF THE 2ND |
|
Palm Beach Nationals batting - Pitching for Miami Beach Marlins : RHP Cliff Peters
|
|
Batting: RHB Ryan Wright
|
0-0: Ball 1-0: Ball 2-0: Swinging Strike 2-1: Fly out, F8 (Flyball, 8RD, EV 95.6 MPH)
|
|
Batting: RHB Jess Thomas
|
0-0: Ball 1-0: Swinging Strike 1-1: Called Strike 1-2: Ball 2-2: Strikes out swinging
|
|
Batting: RHB Alex Martinez
|
0-0: Swinging Strike 0-1: Foul Ball, location: 2F 0-2: Ball 1-2: Strikes out swinging
|
| Top of the 2nd over - 0 runs, 0 hits, 0 errors, 0 left on base; Palm Beach 0 - Miami Beach 1 |
| BOTTOM OF THE 2ND |
|
Miami Beach Marlins batting - Pitching for Palm Beach Nationals : LHP Danny Juarez
|
|
Batting: RHB Jim Smallwood
|
0-0: Ball 1-0: Swinging Strike 1-1: SINGLE (Groundball, 34D, EV 107.5 MPH)
|
|
Batting: RHB Orlando Melendres
|
0-0: Ball 1-0: Foul Ball, location: 2F 1-1: Ball 2-1: DOUBLE (Flyball, 78XD, EV 112.5 MPH) Jim Smallwood to third
|
|
Batting: RHB Christian Gentille
|
0-0: Ball 1-0: Foul Ball, location: 2F 1-1: Foul Ball, location: 2F 1-2: Hit by Pitch
|
|
Batting: RHB Hektor Luvian
|
0-0: Swinging Strike 0-1: Foul Ball, location: 2F 0-2: Strikes out swinging
|
|
Batting: SHB Emmet Brickowski
|
0-0: Called Strike 0-1: Ball 1-1: Called Strike 1-2: Ball 2-2: Strikes out swinging
|
|
Batting: RHB Chris Harlow
|
0-0: Ball 1-0: Called Strike 1-1: Foul Ball, location: 2F 1-2: Strikes out looking
|
| Bottom of the 2nd over - 0 runs, 2 hits, 0 errors, 3 left on base; Palm Beach 0 - Miami Beach 1 |
| TOP OF THE 3RD |
|
Palm Beach Nationals batting - Pitching for Miami Beach Marlins : RHP Cliff Peters
|
|
Batting: LHB Tony Olvera
|
0-0: Swinging Strike 0-1: Ball 1-1: Ball 2-1: Called Strike 2-2: Strikes out swinging
|
|
Batting: RHB Kenny Ball
|
0-0: Foul Ball, location: 2F 0-1: Fly out, F7 (Flyball, 7, EV 80.6 MPH)
|
|
Batting: RHB Franklin Ortega
|
0-0: Fly out, F8 (Flyball, 8RXD, EV 105.0 MPH)
|
| Top of the 3rd over - 0 runs, 0 hits, 0 errors, 0 left on base; Palm Beach 0 - Miami Beach 1 |
| BOTTOM OF THE 3RD |
|
Miami Beach Marlins batting - Pitching for Palm Beach Nationals : LHP Danny Juarez
|
|
Batting: LHB Luis Ortegon
|
0-0: Foul Ball, location: 2F 0-1: Called Strike 0-2: SINGLE (Groundball, 6D, EV 98.1 MPH)
|
|
Batting: RHB Scott Talbot
|
0-0: Called Strike 0-1: Foul Ball, location: 2F 0-2: Ball 1-2: Ball 2-2: Strikes out swinging
|
|
Batting: RHB Corbin Chauvin
|
0-0: Foul Ball, location: 2F 0-1: Ball 1-1: Grounds into double play, 4-6-3 (Groundball, 4, EV 105.6 MPH)
|
| Bottom of the 3rd over - 0 runs, 1 hit, 0 errors, 0 left on base; Palm Beach 0 - Miami Beach 1 |
| TOP OF THE 4TH |
|
Palm Beach Nationals batting - Pitching for Miami Beach Marlins : RHP Cliff Peters
|
|
Batting: RHB Victor Rojas
|
0-0: Called Strike 0-1: Ball 1-1: Ball 2-1: Fly out, F8 (Flyball, 8LXD, EV 90.0 MPH)
|
|
Batting: RHB Charlie Iacovone
|
0-0: Called Strike 0-1: Foul Ball, location: 2F 0-2: Ball 1-2: Ball 2-2: Ball 3-2: Strikes out swinging
|
|
Batting: RHB Rudolph Lentz
|
0-0: Called Strike 0-1: Foul Ball, location: 2F 0-2: Strikes out swinging
|
| Top of the 4th over - 0 runs, 0 hits, 0 errors, 0 left on base; Palm Beach 0 - Miami Beach 1 |
| BOTTOM OF THE 4TH |
|
Miami Beach Marlins batting - Pitching for Palm Beach Nationals : LHP Danny Juarez
|
|
Batting: RHB Jim Smallwood
|
0-0: Ball 1-0: Called Strike 1-1: Ball 2-1: Ball 3-1: Swinging Strike 3-2: Ground out 5-3 (Groundball, 56S, EV 88.8 MPH)
|
|
Batting: RHB Orlando Melendres
|
0-0: Ball 1-0: Foul Ball, location: 2F 1-1: Foul Ball, location: 2F 1-2: Foul Ball, location: 2F 1-2: Foul Ball, location: 2F 1-2: Ground out 5-3 (Groundball, 5S, EV 68.1 MPH)
|
|
Batting: RHB Christian Gentille
|
0-0: Ball 1-0: Foul Ball, location: 2F 1-1: Foul Ball, location: 2F 1-2: Fly out, F8 (Flyball, 8LM, EV 91.9 MPH)
|
| Bottom of the 4th over - 0 runs, 0 hits, 0 errors, 0 left on base; Palm Beach 0 - Miami Beach 1 |
| TOP OF THE 5TH |
|
Palm Beach Nationals batting - Pitching for Miami Beach Marlins : RHP Cliff Peters
|
|
Batting: RHB Ryan Wright
|
0-0: Ball 1-0: Called Strike 1-1: Foul Ball, location: 2F 1-2: Foul Ball, location: 2F 1-2: Ground out 6-3 (Groundball, 6, EV 85.6 MPH)
|
|
Batting: RHB Jess Thomas
|
0-0: Called Strike 0-1: Called Strike 0-2: Ball 1-2: Ball 2-2: Strikes out swinging
|
|
Batting: RHB Alex Martinez
|
0-0: Ball 1-0: Called Strike 1-1: DOUBLE (Line Drive, 89D, EV 102.5 MPH)
|
|
Batting: LHB Tony Olvera
|
0-0: Foul Ball, location: 2F 0-1: Swinging Strike 0-2: Strikes out swinging
|
| Top of the 5th over - 0 runs, 1 hit, 0 errors, 1 left on base; Palm Beach 0 - Miami Beach 1 |
| BOTTOM OF THE 5TH |
|
Miami Beach Marlins batting - Pitching for Palm Beach Nationals : LHP Danny Juarez
|
|
Batting: RHB Hektor Luvian
|
0-0: Called Strike 0-1: Fly out, F9 (Flyball, 9, EV 78.1 MPH)
|
|
Batting: SHB Emmet Brickowski
|
0-0: Ball 1-0: Foul Ball, location: 2F 1-1: Swinging Strike 1-2: Ground out 5-3 (Groundball, 56, EV 86.9 MPH)
|
|
Batting: RHB Chris Harlow
|
0-0: Swinging Strike 0-1: Ball 1-1: Foul Ball, location: 2F 1-2: Foul Ball, location: 2F 1-2: Ball 2-2: Foul Ball, location: 2F 2-2: Strikes out looking
|
| Bottom of the 5th over - 0 runs, 0 hits, 0 errors, 0 left on base; Palm Beach 0 - Miami Beach 1 |
| TOP OF THE 6TH |
|
Palm Beach Nationals batting - Pitching for Miami Beach Marlins : RHP Cliff Peters
|
|
Batting: RHB Kenny Ball
|
0-0: Ball 1-0: Ground out 5-3 (Groundball, 56S, EV 88.1 MPH)
|
|
Batting: RHB Franklin Ortega
|
0-0: Called Strike 0-1: Ball 1-1: Called Strike 1-2: Strikes out swinging
|
|
Batting: RHB Victor Rojas
|
0-0: Ball 1-0: Swinging Strike 1-1: Swinging Strike 1-2: Strikes out looking
|
| Top of the 6th over - 0 runs, 0 hits, 0 errors, 0 left on base; Palm Beach 0 - Miami Beach 1 |
| BOTTOM OF THE 6TH |
|
Miami Beach Marlins batting - Pitching for Palm Beach Nationals : LHP Danny Juarez
|
|
Pitching: RHP Ben Lowe
|
|
|
Batting: LHB Luis Ortegon
|
0-0: Ball 1-0: Foul Ball, location: 2F 1-1: Ball 2-1: SINGLE (Groundball, 56D, EV 104.4 MPH) (infield hit)
|
|
Batting: RHB Scott Talbot
|
0-0: Called Strike 0-1: Ball 1-1: Ball 2-1: 2-RUN HOME RUN (Flyball, 7LD, EV 91.2 MPH), Distance : 348 ft
|
|
Batting: RHB Corbin Chauvin
|
0-0: Ball 1-0: Ball 2-0: Ball 3-0: Called Strike 3-1: Base on Balls
|
|
Batting: RHB Jim Smallwood
|
0-0: Ball 1-0: Foul Ball, location: 2F 1-1: Swinging Strike 1-2: Ball 2-2: Ball 3-2: Fielders Choice at 2nd, 1-6 (Groundball, 34S, EV 72.5 MPH)
|
|
Batting: RHB Orlando Melendres
|
0-0: Foul Ball, location: 2F 0-1: Ball 1-1: Ball 2-1: Fly out, F9 (Flyball, 9S, EV 93.1 MPH)
|
|
Batting: RHB Christian Gentille
|
0-0: Ball 1-0: Ball 2-0: Fly out, F7 (Line Drive, 78D, EV 90.6 MPH)
|
| Bottom of the 6th over - 2 runs, 2 hits, 0 errors, 1 left on base; Palm Beach 0 - Miami Beach 3 |
| TOP OF THE 7TH |
|
Palm Beach Nationals batting - Pitching for Miami Beach Marlins : RHP Cliff Peters
|
|
Batting: RHB Charlie Iacovone
|
0-0: Ball 1-0: Ball 2-0: Foul Ball, location: 2F 2-1: Ball 3-1: Called Strike 3-2: Strikes out looking
|
|
Pitching: RHP Willie Mojica
|
|
|
Batting: RHB Rudolph Lentz
|
0-0: Ground out 4-3 (Groundball, 6M, EV 105.6 MPH)
|
|
Batting: RHB Ryan Wright
|
0-0: Ball 1-0: Called Strike 1-1: Foul Ball, location: 2F 1-2: Ball 2-2: Ball 3-2: Foul Ball, location: 2F 3-2: Foul Ball, location: 2F 3-2: Fly out, F4 (Popup, 4, EV 75.0 MPH)
|
| Top of the 7th over - 0 runs, 0 hits, 0 errors, 0 left on base; Palm Beach 0 - Miami Beach 3 |
| BOTTOM OF THE 7TH |
|
Miami Beach Marlins batting - Pitching for Palm Beach Nationals : RHP Ben Lowe
|
|
Batting: RHB Hektor Luvian
|
0-0: Ball 1-0: Foul Ball, location: 2F 1-1: Ball 2-1: Called Strike 2-2: Foul Ball, location: 2F 2-2: Strikes out swinging
|
|
Batting: SHB Emmet Brickowski
|
0-0: Ball 1-0: Foul Ball, location: 2F 1-1: Called Strike 1-2: Ball 2-2: Ground out 4-3 (Groundball, 4MD, EV 100.0 MPH)
|
|
Batting: RHB Chris Harlow
|
0-0: Fly out, F8 (Line Drive, 8RM, EV 91.2 MPH)
|
| Bottom of the 7th over - 0 runs, 0 hits, 0 errors, 0 left on base; Palm Beach 0 - Miami Beach 3 |
| TOP OF THE 8TH |
|
Palm Beach Nationals batting - Pitching for Miami Beach Marlins : RHP Willie Mojica
|
|
Batting: RHB Jess Thomas
|
0-0: Ball 1-0: Fly out, F8 (Flyball, 89M, EV 83.1 MPH)
|
|
Pinch Hitting: RHB Qian Tai
|
0-0: Called Strike 0-1: Ball 1-1: Ball 2-1: Foul Ball, location: 2F 2-2: Ground out 5-3 (Groundball, 56S, EV 80.0 MPH)
|
|
Batting: LHB Tony Olvera
|
0-0: Ball 1-0: Ball 2-0: Ball 3-0: Base on Balls
|
|
Batting: RHB Kenny Ball
|
0-0: Ball 1-0: Called Strike 1-1: Called Strike 1-2: Ball 2-2: Ball 3-2: Strikes out looking
|
| Top of the 8th over - 0 runs, 0 hits, 0 errors, 1 left on base; Palm Beach 0 - Miami Beach 3 |
| BOTTOM OF THE 8TH |
|
Miami Beach Marlins batting - Pitching for Palm Beach Nationals : RHP Ben Lowe
|
|
Now at 2B: Alex Gonzalez
|
|
|
Batting: LHB Luis Ortegon
|
0-0: Ball 1-0: Ball 2-0: Fly out, F8 (Flyball, 8RD, EV 101.2 MPH)
|
|
Batting: RHB Scott Talbot
|
0-0: Swinging Strike 0-1: Ground out 6-3 (Groundball, 6, EV 95.6 MPH)
|
|
Batting: RHB Corbin Chauvin
|
0-0: Ball 1-0: Ball 2-0: Foul Ball, location: 2F 2-1: Ball 3-1: Base on Balls
|
|
Pitching: RHP Seth Wright
|
|
|
Batting: RHB Jim Smallwood
|
0-0: Ball 1-0: Swinging Strike 1-1: Ball 2-1: Foul Ball, location: 2F 2-2: Foul Ball, location: 2F 2-2: Strikes out swinging
|
| Bottom of the 8th over - 0 runs, 0 hits, 0 errors, 1 left on base; Palm Beach 0 - Miami Beach 3 |
| TOP OF THE 9TH |
|
Palm Beach Nationals batting - Pitching for Miami Beach Marlins : RHP Willie Mojica
|
|
Pitching: LHP Tom Boyko
|
|
|
Pinch Hitting: RHB Colin Morris
|
0-0: Ball 1-0: Foul Ball, location: 2F 1-1: Called Strike 1-2: Ball 2-2: Strikes out swinging
|
|
Batting: RHB Victor Rojas
|
0-0: Ball 1-0: Called Strike 1-1: Ball 2-1: SINGLE (Line Drive, 6MD, EV 96.9 MPH)
|
|
Batting: RHB Charlie Iacovone
|
0-0: Called Strike 0-1: Ball 1-1: Ball 2-1: Ground out 4-3 (Groundball, 34, EV 78.8 MPH) Victor Rojas to second
|
|
Batting: RHB Rudolph Lentz
|
0-0: Foul Ball, location: 2F 0-1: Ground out 4-3 (Groundball, 6M, EV 90.0 MPH)
|
| Top of the 9th over - 0 runs, 1 hit, 0 errors, 1 left on base; Palm Beach 0 - Miami Beach 3 |
|